 Dungeon Crawl Stone Soup version 0.28-b1-25-g9875b3fc8c (webtiles) character file.

Game seed: 6505243185515511613

191 pkoi the Shooter (level 5, -3/42 HPs)
             Began as a Minotaur Hunter on Jan 31, 2022.
             Was an Initiate of Ru.
             Slain by a yak (4 damage)
             ... on level 4 of the Dungeon.
             The game lasted 00:03:00 (4048 turns).

pkoi the Shooter (Minotaur Hunter)                  Turns: 4048, Time: 00:03:01

Health: -3/42      AC:  4    Str: 18    XL:     5   Next: 42%
Magic:  4/4        EV: 11    Int:  8    God:    Ru [......]
Gold:   103        SH:  0    Dex: 11    Spells: 4/4 levels left

rFire   . . .      SeeInvis .   b - +0 short sword
rCold   . . .      Faith    .   (no shield)
rNeg    . . .      Spirit   .   c - +0 leather armour
rPois   .          Reflect  .   (helmet restricted)
rElec   .          Harm     .   (no cloak)
rCorr   .          Rampage  .   (no gloves)
Will    .....                   g - +0 pair of boots
Stlth   ++........              (no amulet)
HPRegen 0.14/turn               (no ring)
MPRegen 0.09/turn               (no ring)

@: mighty
A: horns 2, retaliatory headbutt
a: Renounce Religion


You were on level 4 of the Dungeon.
You worshipped Ru.
Ru was noncommittal.
You visited 1 branch of the dungeon, and saw 4 of its levels.

You collected 103 gold pieces.

Inventory:

Hand Weapons
 a - a +1 shortbow
 b - a +0 short sword (weapon)
Missiles
 d - 17 arrows
 e - 3 poisoned darts (quivered)
 l - 2 throwing nets
Armour
 c - a +0 leather armour (worn)
 g - a +0 pair of boots (worn)
Scrolls
 h - a scroll of silence {unknown}
 i - a scroll of blinking
 j - a scroll of enchant weapon {unknown}
 k - 2 scrolls of identify {unknown}
 n - a scroll of fear {unknown}
Potions
 f - a potion of cancellation {unknown}
 m - a potion of resistance {unknown}


   Skills:
 - Level 2.4 Fighting
 * Level 6.6 Bows
 - Level 2.1 Dodging
 + Level 2.7 Stealth


You had 4 spell levels left.
You didn't know any spells.
Your spell library contained the following spells:

 Spells                   Type           Power      Damage    Failure   Level
 Fulminant Prism          Conj/Hex       0%         3d6       99%         4
 Iskenderun's Mystic Bla  Conj/Tloc      0%         2d3       99%         4
 Lee's Rapid Deconstruct  Erth           0%         3d5*      100%        5


Dungeon Overview and Level Annotations

Branches:
Dungeon (4/15)
 Temple: D:4-7

Altars:
Ashenzari
Nemelex Xobeh
Ru


Innate Abilities, Weirdness & Mutations

You have a pair of horns on your head.
You reflexively headbutt those who attack you in melee.


Message History

Press: ? - help, Q - select action, (/) - cycle Shift-Dir - straight line, f/p - yak
Aim: a yak (heavily wounded, 72% to hit)
You shoot an arrow. The arrow hits the yak!
The yak is severely wounded.
The yak gores you!
Fire: 21 arrows
Press: ? - help, Q - select action, (/) - cycle Shift-Dir - straight line, f/p - yak
Aim: a yak (severely wounded, 72% to hit)
You shoot an arrow. The arrow closely misses the yak.
The yak gores you but does no damage.
Unknown command.
Fire: 20 arrows
Press: ? - help, Q - select action, (/) - cycle Shift-Dir - straight line, f/p - yak
Aim: a yak (severely wounded, 72% to hit)
You shoot an arrow.
The arrow hits the yak but does no damage.
The yak is severely wounded.
The yak barely misses you.
Fire: 19 arrows
Press: ? - help, Q - select action, (/) - cycle Shift-Dir - straight line, f/p - yak
Aim: a yak (severely wounded, 72% to hit)
You shoot an arrow. The arrow closely misses the yak.
The yak completely misses you.
Unknown command.
Fire: 18 arrows
Press: ? - help, Q - select action, (/) - cycle Shift-Dir - straight line, f/p - yak
Aim: a yak (severely wounded, 72% to hit)
You shoot an arrow. The arrow hits the yak.
The yak is severely wounded.
The yak closely misses you.
Okay, then.
Unknown command.
b - a +0 short sword (weapon)
You feel very mighty all of a sudden. The yak gores you!
* * * LOW HITPOINT WARNING * * *
You hit the yak.
The yak is almost dead.
The yak gores you.
You die...

#####.#
#(# #.#
#(# #(#
#.# #(#
#Y#
#@######
#.....<#
#.####.#
### ###


You could see a yak.

Vanquished Creatures
  A scorpion (D:4)
  An orc wizard (D:2)
  4 gnolls (D:3)
  An adder (D:4)
  2 dart slugs
  5 orcs (D:3)
  7 endoplasms
  A giant cockroach (D:2)
  6 hobgoblins
  3 jackals (D:2)
  3 kobolds
  5 quokkas
  3 ball pythons
  A bat (D:1)
  3 frilled lizards
  2 goblins
  3 rats
51 creatures vanquished.

Vanquished Creatures (collateral kills)
  A goblin (D:3)
  A ball python (D:3)
2 creatures vanquished.

Vanquished Creatures (others)
  An orc (D:2)
1 creature vanquished.

Grand Total: 54 creatures vanquished

Notes
Turn   | Place    | Note
-------+----------+-------------------------------------------
     0 | D:1      | pkoi the Minotaur Hunter began the quest for the Orb.
     0 | D:1      | Reached XP level 1. HP: 18/18 MP: 0/0
    51 | D:1      | Reached skill level 1 in Stealth
   275 | D:1      | Reached XP level 2. HP: 21/25 MP: 1/1
   908 | D:2      | Reached skill level 5 in Bows
  1249 | D:2      | Reached XP level 3. HP: 20/30 MP: 2/2
  1874 | D:3      | Found a broken altar of Ashenzari.
  2324 | D:2      | HP: 1/30 [something (1)]
  2326 | D:2      | Reached XP level 4. HP: 1/37 MP: 3/3
  2780 | D:3      | Found a sparkling altar of Nemelex Xobeh.
  2906 | D:3      | Found a sacrificial altar of Ru.
  3033 | D:3      | Became a worshipper of Ru the Awakened
  3073 | D:3      | Reached skill level 6 in Bows
  3326 | D:3      | Found a faded altar of an unknown god.
  3555 | D:4      | Noticed a scorpion
  3563 | D:4      | Killed a scorpion
  3564 | D:4      | Reached XP level 5. HP: 13/42 MP: 4/4
  4003 | D:4      | Noticed a yak
  4004 | D:4      | Noticed a yak
  4047 | D:4      | HP: 1/42 [yak (14)]
  4048 | D:4      | Slain by a yak

Illustrated notes

Levels and vault maps discovered:
D:1:      ebering_hopf_link, layout_rooms
D:2:      layout_basic
D:3:      layout_basic, nemelex_xobeh_ov_fountains_minmay,
          ashenzari_conservatory_becter, lemuel_crystal_altar,
          basic_ecumenical_altar, hangedman_decor_points
D:4:      layout_basic, kennysheep_little_box, ebering_ghost_reflecting_pool,
          uniq_ijyb

Skill      XL: |  1  2  3  4 |
---------------+-------------+-----
Stealth        | 1 2 |  2.7
Bows           | 5 6 |  6.6
Fighting       | |  2.4
Dodging        | |  2.1

Action                   |  1- 3 |  4- 6 || total
-------------------------+-------+-------++-------
Melee: Short sword       |    70 |     1 ||    71
       Headbutt          |    10 |       ||    10
       Shortbow          |     1 |       ||     1
       Punch             |     1 |       ||     1
 Fire: Shortbow          |    13 |    58 ||    71
  Use: Scroll            |     3 |       ||     3
       Potion            |     5 |     1 ||     6
Armor: Leather armour    |    25 |     4 ||    29
Dodge: Dodged            |    41 |     7 ||    48
